 Dungeon Crawl Stone Soup version 0.17.0-24-gcfadda4 (console) character file.

5756 gw the Basher (level 10, 0/91 HPs)
             Began as a Deep Dwarf Fighter on Nov 18, 2015.
             Slain by a black mamba (4 damage)
             ... on level 4 of the Lair of Beasts.
             The game lasted 00:05:06 (3022 turns).

gw the Basher (Deep Dwarf Fighter)                  Turns: 3022, Time: 00:05:06

Health: 0/91       AC: 17    Str: 21    XL:     10   Next: 49%
Magic:  0/0        EV:  5    Int:  8    God:
Gold:   237        SH: 11    Dex: 13    Spells: 0 memorised, 9 levels left

rFire  . . .     SeeInvis .     a - +0 flail
rCold  . . .     Clarity  .     h - +0 plate armour
rNeg   . . .     SustAt   .     c - +0 shield
rPois  .         Gourm    .     y - +0 helmet
rElec  .         Spirit   .     g - +0 cloak
rCorr  .         Warding  .     w - +0 pair of gloves
rMut   .         Stasis   .     (no boots)
MR     +....                    (no amulet)
Stlth  ..........               (no ring)
                                j - -2 ring of dexterity (curse)

@: lethally poisoned (0 -> -9), non-regenerating, somewhat resistant to hostile
enchantments, extremely unstealthy
A: damage resistance, recharge devices, sense surroundings 2, slow regeneration
3
a: Device Recharging


You were on level 4 of the Lair of Beasts.
You were hungry.

You visited 2 branches of the dungeon, and saw 13 of its levels.

You collected 237 gold pieces.

Inventory:

Hand Weapons
 a - a +0 flail (weapon)
Missiles
 i - 68 stones (quivered)
 q - 17 poisoned needles
Armour
 c - a +0 shield (worn)
 g - a +0 cloak (worn)
 h - a +0 plate armour (worn)
 w - a +0 pair of gloves (worn)
 y - a +0 helmet (worn)
Jewellery
 j - a cursed -2 ring of dexterity (left hand)
Wands
 e - a wand of heal wounds (0)
 l - a wand of fireball (1)
 u - a wand of confusion (42)
 x - a wand of disintegration (13)
 A - a wand of flame (34)
Scrolls
 n - 2 scrolls of teleportation {unknown}
 o - 3 scrolls of remove curse {unknown}
 t - a scroll of magic mapping {unknown}
 v - 2 scrolls of identify {unknown}
Potions
 b - 2 potions of flight {unknown}
 d - a potion of might
 p - a potion of brilliance {unknown}
 r - a potion of berserk rage {unknown}
 z - 2 potions of heal wounds {unknown}
Comestibles
 f - 3 bread rations
 k - a meat ration
 m - a beef jerky
 s - a slice of pizza
 B - 15 fruits


   Skills:
 + Level 6.1 Fighting
 * Level 9.0 Maces & Flails
 + Level 5.3 Throwing
 + Level 7.7 Armour
 + Level 7.2 Shields
 + Level 6.6 Evocations


You had 9 spell levels left.
You didn't know any spells.

Dungeon Overview and Level Annotations

Branches:
Dungeon (9/15)               Lair (4/8) D:9
 Temple: D:4-7        Swamp: Lair:3-6    Shoals: Lair:3-6     Snake: Lair:3-6
 Spider: Lair:3-6       Orc: D:9-12

Altars:
Fedhas
Gozag
Xom

Shops:
D:8 [


Innate Abilities, Weirdness & Mutations

You are resistant to damage.
You can recharge devices by infusing magical energy.
You passively map the area around you.
You do not regenerate naturally.


Message History

You feel very sick. You block the black mamba's attack. x2
ATTACKING (-1,-1)
You are feeling hungry.
You closely miss the black mamba.
The black mamba is moderately wounded.
You feel very sick. You block the black mamba's attack.
The black mamba bites you but does no damage.
ATTACKING (-1,-1)
You miss the black mamba.
The black mamba is moderately wounded.
You feel very sick. You block the black mamba's attack. x2
ATTACKING (-1,-1)
You miss the black mamba.
The black mamba is moderately wounded.
You feel very sick. The black mamba bites you.
You die...

, , ............#
#....## , (............#
##...# , .............
##P.## , , ,..(.........
##..P# ...........#,
##.#..# ,
........P..######....##
, ,
........#.........P..#*
......S..#(#..#.#.P.#.#
*
,.......g###############
,#.PP.#### * ####


You could see a black mamba.

Table legend:
 A = Turns spent in this place as a percentage of turns spent in the entire game.
 B = Non-inter-level travel turns spent in this place as a percentage of non-inter-level travel turns spent in the entire game.
 C = Inter-level travel turns spent in this place as a percentage of turns spent in this place.
 D = Turns resting spent in this place as a percentage of non-inter-level travel turns spent in this place.
 E = Turns spent auto-exploring this place as a percentage of non-inter-level travel turns spent in this place.
 F = Non-inter-level travel turns spent in this place divided by the number of levels of this place that you've seen.
                   A       B       C       D       E      F
               +-------+-------+-------+-------+-------+----------------------
         Total | 100.0 | 100.0 |   2.1 |   0.0 |   1.4 | 620.1
       Dungeon |  95.1 |  95.2 |   2.0 |   0.0 |   1.4 | 852.4
          Lair |   4.9 |   4.8 |   3.5 |   0.0 |   1.0 |  97.2
               +-------+-------+-------+-------+-------+----------------------

Table legend:
 A = Kills in this place as a percentage of kills in entire the game.
 B = Kills by you in this place as a percentage of kills by you in the entire game.
 C = Kills by friends in this place as a percentage of kills by friends in the entire game.
 D = Other kills in this place as a percentage of other kills in the entire game.
 E = Experience gained in this place as a percentage of experience gained in the entire game.
 F = Experience gained in this place divided by the number of levels of this place that you have seen.
                   A       B       C       D       E      F
               +-------+-------+-------+-------+-------+----------------------
         Total | 100.0 | 100.0 |  -nan | 100.0 | 100.0 | 632.6
       Dungeon |  97.0 |  96.9 |  -nan | 100.0 |  88.3 | 806.8
          Lair |   3.0 |   3.1 |  -nan |   0.0 |  11.7 | 240.8
               +-------+-------+-------+-------+-------+----------------------

Vanquished Creatures
  2 spiny frogs
  A two-headed ogre (D:8)
  The ghost of gw the Covered, an amateur DDFi (D:4)
  A basilisk (D:9)
  11 yaks (D:9)
  A hippogriff (Lair:1)
  4 porcupines (D:9)
  A water moccasin (D:9)
  3 phantoms
  A centaur (D:5)
  3 ogres
  3 crocodiles (D:9)
  3 big kobolds (D:8)
  2 giant frogs (D:8)
  5 killer bees
  A scorpion (D:5)
  A wight (D:8)
  A crimson imp (D:8)
  4 orc wizards
  2 orc priests (D:5)
  2 hounds (D:9)
  2 jellies
  Natasha (D:4)
  3 worker ants
  A killer bee zombie (D:8)
  A hound skeleton (D:8)
  A hound zombie (D:5)
  4 adders
  4 river rats (D:9)
  A worm (D:2)
  4 orcs
  2 bats (D:2)
  2 hobgoblins
  3 jackals (D:2)
  2 giant cockroaches
  A giant gecko skeleton (D:4)
  A giant newt (D:1)
  A goblin (D:1)
  A jackal zombie (D:8)
  7 kobolds
  3 rats
98 creatures vanquished.

Vanquished Creatures (others)
  Erica (D:8)
1 creature vanquished.

Grand Total: 99 creatures vanquished

Notes
Turn   | Place    | Note
--------------------------------------------------------------
     0 | D:1      | gw the Deep Dwarf Fighter began the quest for the Orb.
     0 | D:1      | Reached XP level 1. HP: 20/20 MP: 1/1
   174 | D:2      | Reached XP level 2. HP: 21/27 MP: 2/2
   219 | D:2      | Reached skill level 1 in Evocations
   294 | D:3      | Reached XP level 3. HP: 19/33 MP: 2/4
   305 | D:4      | Noticed a phantom
   309 | D:4      | Noticed gw's ghost (amateur DDFi)
   313 | D:4      | Noticed Natasha
   363 | D:4      | Killed Natasha
   396 | D:4      | Killed gw's ghost
   396 | D:4      | Reached skill level 1 in Throwing
   396 | D:4      | Reached skill level 4 in Armour
   396 | D:4      | Reached XP level 4. HP: 21/42 MP: 3/3
   396 | D:4      | Reached XP level 5. HP: 24/49 MP: 4/4
   478 | D:4      | Killed a phantom
   478 | D:4      | Reached XP level 6. HP: 34/56 MP: 3/5
   564 | D:5      | Entered Level 5 of the Dungeon
   811 | D:5      | Reached XP level 7. HP: 46/62 MP: 6/6
   915 | D:5      | Reached skill level 5 in Maces & Flails
  1096 | D:6      | Reached skill level 5 in Armour
  1284 | D:8      | Found Oggaut's Antique Armour Boutique.
  1316 | D:8      | Noticed Erica
  1420 | D:8      | Killed Erica
  1420 | D:8      | Reached skill level 6 in Maces & Flails
  1420 | D:8      | Reached skill level 5 in Shields
  1420 | D:8      | Reached XP level 8. HP: 57/73 MP: 2/4
  1490 | D:8      | Found a shimmering altar of Xom.
  1965 | D:8      | Gained mutation: You passively map the area around you. [Deep Dwarf growth]
  1965 | D:8      | Reached XP level 9. HP: 65/80 MP: 4/4
  2105 | D:8      | Found a blossoming altar of Fedhas.
  2108 | D:8      | Noticed a two-headed ogre
  2118 | D:8      | Killed a two-headed ogre
  2118 | D:8      | Reached skill level 5 in Fighting
  2118 | D:8      | Reached skill level 7 in Maces & Flails
  2396 | D:9      | Found an opulent altar of Gozag.
  2444 | D:9      | Reached skill level 5 in Evocations
  2492 | D:9      | Reached skill level 8 in Maces & Flails
  2528 | D:9      | Found a staircase to the Lair.
  2638 | D:9      | Reached XP level 10. HP: 61/91 MP: 4/4
  2735 | D:9      | Reached skill level 5 in Throwing
  2865 | Lair:1   | Entered Level 1 of the Lair of Beasts
  2925 | Lair:2   | Reached skill level 9 in Maces & Flails
  3001 | Lair:4   | Noticed a black mamba
  3022 | Lair:4   | HP: 4/91 [poisoned by a black mamba]
  3022 | Lair:4   | Slain by a black mamba

Action                   |  1- 3 |  4- 6 |  7- 9 | 10-12 || total
-------------------------+-------+-------+-------+-------++-------
Melee: Flail             |   112 |    85 |   477 |   179 ||   853
Throw: Stone             |    19 |    22 |    96 |    27 ||   164
 Abil: Device Recharging |     2 |     1 |     7 |     4 ||    14
Evoke: Wand              |    13 |     3 |    31 |    14 ||    61
  Eat: Chunk             |       |       |     8 |     1 ||     9

Vault maps used:
D:1:      lightli_arrival_farm, minivault_14
D:2:      minmay_misc_feat_roman
D:3:      minmay_goblin_kobold_castle, item_on_display_a
D:4:      minitemple, minmay_temple_entry_statues_pillars, uniq_pikel,
          uniq_natasha
D:5:      first_bread, corexii_corridor_pit, minmay_item_behind_shaft,
          grunt_ministairs_5, minmay_misc_feat_enclosed,
          fedhas_bush_and_centaur_altar
D:6:      minmay_door_square
D:7:      serial_shops, shop, nicolae_alphabet_shops, uniq_menkaure
D:8:      serial_shops, nicolae_shop_stone, special_room, basic_altar,
          hangedman_tree_tricks, uniq_erica
D:9:      grunt_gozag_statues, grunt_temple_overflow_cloverleaf,
          minmay_lair_entry_grove
Lair:2:   wad_woods_03, lemuel_fruit_tree, grunt_megastairs_2
Lair:3:   spider_nest_entry_web_field, zaba_antful_of_joy
Lair:4:   swamp_mist, disabler_island, grunt_megastairs_3, serial_bayou_shore_a,
          infiniplex_staircase_pool
